Map: Orbital Shipyard

Players

LilDicky

  • Race: Terran Terran
  • League: Diamond

IIIIIIIIIIII - Winner!

  • Race: Terran Terran
  • League: Diamond

VOD

http://www.twitch.tv/tumescentpie

Description

Time

  • Played on: Nov. 23, 2015, 9:47 p.m.
  • Length: 9:24
Show
View Real Time Build Order
Export as new Build Order

LilDicky Terran 

Build Orders:  

Get SALT Encoding   

  12  0:01  SCV  
  13  0:13  SCV  
  14  0:18  Supply Depot  
  14  0:25  Refinery  
  14  0:27  SCV  
  15  0:39  SCV  
  16  0:45  Barracks  
  16  0:51  SCV  
  17  1:04  Barracks  
  17  1:07  SCV  
  18  1:20  SCV  
  19  1:32  Reaper  
  19  1:34  Supply Depot  
  19  1:36  Orbital Command  
  20  1:49  Barracks  
  20  1:54  Reaper  
  20  1:58  Refinery  
  21  2:02  SCV  
  21  2:05  Reaper  
  23  2:14  SCV  
  24  2:20  Supply Depot  
  24  2:26  SCV, Reaper  
  26  2:37  Reaper  
  26  2:38  Reaper  
  26  2:39  SCV  
  26  2:44  Barracks  
  28  2:51  SCV  
  29  3:01  Reaper  
  29  3:03  SCV  
  29  3:05  Supply Depot  
  31  3:09  Reaper  
  31  3:10  Reaper  
  33  3:16  SCV  
  34  3:24  Supply Depot  
  34  3:28  SCV  
  34  3:33  Reaper  
  36  3:39  Reaper  
  33  3:41  Reaper  
  33  3:47  Supply Depot  
  33  3:48  Command Center  
  34  3:49  SCV  
  35  3:56  Engineering Bay  
  35  3:57  Reaper  
  35  4:17  Reaper x3  
  35  4:19  SCV  
  39  4:28  Refinery  
  39  4:29  Reaper  
  39  4:30  Missile Turret  
  39  4:31  SCV, Refinery  
  41  4:42  Missile Turret  
  38  4:59  SCV  
  40  5:10  Orbital Command  
  38  5:17  SCV  
  38  5:19  Factory  
  31  5:25  Marine  
  31  5:26  Missile Turret, Marine x3  
  35  5:29  SCV  
  35  5:41  SCV  
  34  5:43  Marine x2  
  34  5:44  Marine x2  
  29  6:01  Marine x4  
  29  6:03  SCV  
  34  6:06  SCV  
  34  6:09  Factory Reactor  
  35  6:19  Marine x2  
  35  6:21  SCV  
  38  6:26  Barracks Tech Lab, Starport  
  38  6:28  Barracks Tech Lab  
  38  6:32  SCV  
  39  6:34  SCV  
  39  6:37  Marine x2  
  42  6:44  SCV  
  42  6:46  Combat Shields  
  42  6:54  Marine  
  42  6:55  Marine  
  42  6:56  Marine x2  
  42  6:59  Widow Mine  
  46  7:11  Medivac x2  
  46  7:12  Marine  
  46  7:14  Barracks Reactor  
  48  7:27  Supply Depot, Marine x2  
  50  7:30  Marine  
  50  7:32  SCV x2  
  53  7:45  Marine x2  
  53  7:48  Reaper  
  53  7:50  Marine  
  57  7:54  Marine  
  57  7:55  SCV  
  59  8:02  Marine  
  60  8:06  Marine  
  60  8:07  Marine  
  60  8:08  Medivac  
  64  8:17  Supply Depot  
  64  8:22  Marine x2  
  64  8:26  Marine x2  
  66  8:40  Marine  
  62  8:42  Missile Turret  
  62  8:47  Marine x3  
  63  8:48  Marauder  
  63  8:53  Factory Tech Lab  
  61  8:57  Marine  
  60  9:05  Marine x2  
  61  9:11  Starport Tech Lab  
Show
View Real Time Build Order
Export as new Build Order

IIIIIIIIIIII Terran - Winner!

Build Orders: 1/1/1, Mech, Banshee Rush 

Get SALT Encoding   

  12  0:01  SCV  
  13  0:13  SCV  
  14  0:18  Supply Depot  
  14  0:25  SCV  
  15  0:30  Refinery  
  15  0:40  SCV  
  16  0:46  Barracks  
  16  0:52  SCV  
  17  1:04  SCV  
  18  1:16  SCV  
  19  1:33  Factory  
  19  1:34  Orbital Command  
  19  1:38  Supply Depot, Marine  
  20  1:56  Marine  
  21  2:05  SCV  
  22  2:18  Hellion  
  22  2:19  Starport  
  22  2:20  Marine  
  22  2:22  SCV  
  26  2:25  Supply Depot  
  26  2:34  SCV  
  27  2:46  SCV  
  28  2:53  Hellion  
  28  2:55  Command Center  
  28  2:57  Starport Tech Lab  
  30  3:00  Refinery  
  30  3:03  Marine  
  31  3:07  SCV  
  32  3:15  Hellion  
  32  3:17  Supply Depot  
  34  3:22  Marine  
  35  3:31  Banshee, Cloaking Field  
  38  3:41  SCV  
  37  3:53  SCV  
  38  3:55  Factory Tech Lab  
  38  4:03  Engineering Bay  
  38  4:04  Command Center  
  36  4:17  Banshee  
  36  4:23  Siege Tank  
  42  4:25  Marine  
  43  4:33  Orbital Command  
  43  4:41  Missile Turret  
  40  4:59  Siege Tank  
  41  5:02  SCV  
  41  5:03  SCV  
  43  5:24  Orbital Command  
  43  5:27  Banshee  
  47  5:28  SCV x2  
  47  5:30  Missile Turret  
  47  5:31  Hellion  
  46  5:58  Siege Tank  
  46  6:01  SCV x3  
  52  6:05  Refinery  
  52  6:06  Refinery  
  52  6:14  Factory  
  52  6:16  Barracks Reactor  
  52  6:17  Banshee  
  55  6:23  SCV x3  
  58  6:35  SCV x3, Supply Depot  
  55  7:24  Factory Tech Lab, Siege Tank  
  55  7:25  Banshee, Orbital Command  
  61  7:39  Factory  
  61  7:45  Siege Tank  
  64  7:54  Factory  
  64  7:55  SCV x3  
  64  7:56  Factory  
  64  7:57  Starport  
  67  8:07  SCV  
  68  8:13  Viking, Siege Tank  
  68  8:15  SCV x2  
  68  8:18  Armory  
  75  8:21  Supply Depot, Armory  
  75  8:23  Supply Depot x2  
  75  8:50  Siege Tank x2  
  75  8:51  SCV x3, Hellion x3  
  91  9:03  SCV  
Tags
 
Add a new tag
Caveats
  • Supply blocks, unpowered buildings, or Contaminate may cause inaccurate times.
  • Supply counts are checked every 10 seconds.